 Dungeon Crawl Stone Soup version 0.17-a0-1900-g45e8110 (webtiles) character file.

645 derrpe the Carver (level 7, -9/53 HPs)
             Began as a Demonspawn Berserker on Sept 24, 2015.
             Was a Priest of Trog.
             Mangled by an ogre
             ... wielding a +0 giant club
              (17 damage)
             ... on level 5 of the Dungeon.
             The game lasted 00:09:16 (5345 turns).

derrpe the Carver (Demonspawn Berserker)            Turns: 5345, Time: 00:09:16

Health: -9/53      AC: 13    Str: 19    XL:     7   Next: 27%
Magic:  7/7        EV:  8    Int:  8    God:    Trog [***...]
Gold:   141        SH:  0    Dex: 13    Spells: 0 memorised, 6 levels left

rFire  + . .     SeeInvis .     a - +0 falchion
rCold  . . .     Clarity  .     r - +0 plate armour
rNeg   . . .     SustAt   .     (no shield)
rPois  .         Gourm    .     (no helmet)
rElec  .         Spirit   .     (no cloak)
rCorr  .         Warding  .     (no gloves)
rMut   .         Stasis   .     (no boots)
MR     .....                    l - amulet of faith
Stlth  ..........               (no ring)
                                (no ring)

@: not resistant to hostile enchantments, extremely unstealthy
A: talons 1, rugged brown scales 1, blink, demonic guardian 1, deterioration 1,
fire resistance 1, flame cloud immunity, MP-powered wands
a: Blink, Burn Spellbooks, Berserk, Trog's Hand, Renounce Religion


You were on level 5 of the Dungeon.
You worshipped Trog.
Trog was most pleased with you.
You were not hungry.

You visited 1 branch of the dungeon, and saw 5 of its levels.

You collected 141 gold pieces.

Inventory:

Hand weapons
 a - a +0 falchion (weapon)
 b - a +0 hunting sling
 j - a cursed -3 blowgun
Missiles
 i - 13 poisoned needles
 n - 132 stones (quivered)
 o - 12 poisoned sling bullets
 p - 3 javelins
Armour
 r - a +0 plate armour (worn)
Jewellery
 l - an amulet of faith (around neck)
 y - an uncursed ring of protection from fire {unknown}
Scrolls
 d - 3 scrolls of remove curse
 e - 2 scrolls of identify
 f - 2 scrolls of teleportation {unknown}
 k - a scroll of fog {unknown}
 m - a scroll of enchant armour {unknown}
 s - 2 scrolls of magic mapping {unknown}
 u - a scroll of enchant weapon {unknown}
 x - a scroll of recharging {unknown}
Potions
 h - a potion of mutation
 w - a potion of haste {unknown}
Comestibles
 c - 2 bread rations {@e1}
 g - 3 meat rations {@e2}
 t - a slice of pizza
 v - 2 beef jerkies
 z - 3 chunks of flesh {@w0}


   Skills:
 + Level 3.5 Fighting
 * Level 8.5 Long Blades
 + Level 5.4 Armour
 + Level 5.4 Dodging


You had 6 spell levels left.
You didn't know any spells.

Dungeon Overview and Level Annotations

Branches:
Dungeon (5/15)
 Temple: D:4-7

Altars:
Trog

Shops:
D:4 [


Innate Abilities, Weirdness & Mutations

You have sharp toenails.
You are partially covered in rugged brown scales (AC +1, +3% HP).
A weak demonic guardian rushes to your aid.
Your flesh is heat resistant.
You are immune to clouds of flame.
You can translocate small distances at will.
Your body sometimes deteriorates upon taking damage.
You expend magic power (3 MP) to strengthen your wands.


Message History

Drink which item? (? for menu, Esc to quit)
It was a potion of mutation.
You feel extremely strange.
You feel yourself wasting away.
You feel your magical essence link to your wands.
You feel jittery. The ogre barely misses you.
Use which ability?
You don't have enough health at the moment.
Drink which item? (? for menu, Esc to quit)
It was a potion of curing.
You feel better. The ogre barely misses you.
Your plate armour prevents you from hitting the ogre.
You claw the ogre.
The ogre is severely wounded.
You hit the ogre.
The ogre is almost dead.
The ogre hits you with a giant club!
* * * LOW HITPOINT WARNING * * *
Drink which item? (? for menu, Esc to quit)
You feel better. The ogre hits you with a giant club!
You die...

#.
#.
#.
#.
#.##
.%#
#.#
#O#
#@#
###


You could see an ogre.

Vanquished Creatures
  The ghost of derrpe the Conjurer, an average TeCj (D:4)
  An orc warrior (D:4)
  An ice beast (D:3)
  2 orc priests
  An iguana (D:4)
  Jessica (D:2)
  2 worker ants (D:4)
  5 adders
  A shadow imp (D:4)
  An ooze (D:2)
  3 worms
  4 giant geckos
  5 orcs
  2 ball pythons
  2 giant cockroaches
  7 hobgoblins
  7 jackals
  6 bats
  4 giant newts
  9 goblins
  A jackal skeleton (D:4)
  12 kobolds
  A quokka skeleton (D:4)
  9 rats
  A plant (D:2)
89 creatures vanquished.

Notes
Turn   | Place    | Note
--------------------------------------------------------------
     0 | D:1      | derrpe the Demonspawn Berserker began the quest for the Orb.
     0 | D:1      | Reached XP level 1. HP: 18/18 MP: 1/1
   324 | D:1      | Gained mutation: Your flesh is heat resistant. [demonic ancestry]
   324 | D:1      | Reached XP level 2. HP: 24/24 MP: 2/2
  1373 | D:2      | Gained mutation: You have sharp toenails. [demonic ancestry]
  1373 | D:2      | Reached XP level 3. HP: 22/29 MP: 3/3
  1905 | D:2      | Reached skill level 4 in Long Blades
  2226 | D:2      | Acquired Trog's second power
  2386 | D:2      | Reached skill level 8 in Long Blades
  2386 | D:2      | Reached skill level 5 in Armour
  2386 | D:2      | Reached skill level 5 in Dodging
  2386 | D:2      | Reached XP level 4. HP: 25/35 MP: 4/4
  2711 | D:2      | Noticed Jessica
  2724 | D:2      | Killed Jessica
  2724 | D:2      | Gained mutation: You are immune to clouds of flame. [demonic ancestry]
  2724 | D:2      | Reached XP level 5. HP: 36/41 MP: 5/5
  3056 | D:2      | Found a bloodstained altar of Trog.
  3309 | D:3      | Noticed an ice beast
  3317 | D:3      | Killed an ice beast
  3317 | D:3      | Gained mutation: You are partially covered in rugged brown scales (AC +1, +3% HP). [demonic ancestry]
  3317 | D:3      | Reached XP level 6. HP: 37/48 MP: 6/6
  4280 | D:4      | Found Gaonn's Armour Shoppe.
  4413 | D:4      | Noticed derrpe's ghost (average TeCj)
  4445 | D:4      | Killed derrpe's ghost
  4445 | D:4      | Gained mutation: A weak demonic guardian rushes to your aid. [demonic ancestry]
  4445 | D:4      | Reached XP level 7. HP: 30/53 MP: 7/7
  5329 | D:5      | Entered Level 5 of the Dungeon
  5340 | D:5      | HP: 1/53 [ogre/giant club (20)]
  5341 | D:5      | Gained mutation: Your body sometimes deteriorates upon taking damage. [potion of mutation]
  5341 | D:5      | Gained mutation: You expend magic power (3 MP) to strengthen your wands. [potion of mutation]
  5341 | D:5      | Gained mutation: You can translocate small distances at will. [potion of mutation]
  5345 | D:5      | Mangled by an ogre

Vault maps used:
D:1:      minmay_arrival_open_corners, minmay_misc_feat_cross, nrook_mini_vaults
D:2:      serial_forest, infiniplex_forest_lined_corner,
          infiniplex_forest_corner_1, infiniplex_forest_lined_room_3,
          infiniplex_forest_lined_room_3, infiniplex_forest_clump_long,
          infiniplex_forest_clump_small, infiniplex_forest_lined_room_2,
          infiniplex_forest_clump_long, infiniplex_forest_clump_small,
          eino_tiny_chamber, trog_book, uniq_jessica
D:4:      serial_shops, shop
D:5:      first_bread

Action                   |  1- 3 |  4- 6 |  7- 9 || total
-------------------------+-------+-------+-------++-------
Melee: Falchion          |   135 |   178 |    60 ||   373
 Fire: Hunting sling     |     9 |       |       ||     9
Throw: Javelin           |     5 |       |       ||     5
Invok: Berserk           |     2 |     2 |       ||     4
  Use: Scroll            |     4 |     1 |       ||     5
       Potion            |     1 |       |     3 ||     4
 Stab: Sleeping          |     2 |       |       ||     2
  Eat: Chunk             |     7 |     8 |     3 ||    18
